cohdb
Replays
Latest Replays
All Replays
Popular Replays
Top Player Replays
Match Explorer
How It Works
Community
CoH3 Stats
Reddit
Sign in to upload your games and track your stats! →
Sign in with Steam
Match 28677694
Unlisted
Match 28677694
Overview
Messages
Build Orders
End
Construct Section Command Post
Dingo Light Scout Car
Vickers Machine Gun Team
Infantry Section
Infantry Section
Construct Platoon Command Post
CMP 15cwt Truck
Infantry Section
Infantry Training
6-pounder Anti-tank Gun Team
6-pounder Anti-tank Gun Team
FutureNP
nub
HulkSMASH
Ruby
0
0
Comments
sign in to comment!
No comments posted yet!